Workbook

Sheet Modelo AV 0.2
A6: MODELO AV 0.2
A7: DECLARACIÓN DEL REPRESENTANTE LEGAL DE LA SOCIEDAD DE AGENCIA DE SEGUROS VINCULADA
A9: Ejercicio: 2025 | D9: Clave de inscripción | H9: (Ejemplo: AJ0888GA)
A11: NIF:
A12: Nombre:
A13: Domicilio:
A14: Población: | F14: Provincia | I14: Código Postal:
A15: Teléfono: | F15: Fax: | I15: Móvil:
A16: Correo electrónico: | G16: Dominio Internet:
A18: GRUPO DE ENTIDADES
A19: ¿Pertenece la agencia de seguros vinculada a un grupo de entidades?
C20: SÍ
C22: NO
B23: Solo rellenar en caso de haber respondido SÍ:
B24: Grupo que ejerce el control sobre la agencia de seguros vinculada (1):
B25: Domicilio del grupo que ejerce el control:
B26: Población: | E26: Provincia: | G26: C. postal: | I26: País:
A30: D/Dª | H30: actuando en representación de la
A31: entidad | I31: en calidad de
A34: DECLARA: Que los datos contenidos en esta documentación recogen fielmente la información estadístico-
A35: contable y del negocio anual de la agencia de seguros vinculada.
A37: Que el capital social es de | F37: €, estando suscrito por los siguientes socios con participación
A38: significativa (*)
A39: Nombre/Denominación | F39: NIF/NIE | H39: % Participación | J39: Fecha de adquisición
A52: (*) Participación del 10% o más del capital social
A54: Que el órgano de administración de la sociedad está formado por:
A55: Nombre/Denominación | F55: NIF/NIE | H55: Cargo | J55: Fecha de nombramiento
A64: Que las personas que integran el órgano de dirección responsable de la distribución así como la dirección técnica son:
A65: Nombre/Denominación | F65: NIF/NIE | H65: Cargo | J65: Fecha de nombramiento
A72: ■ RESPONSABILIDAD CIVIL PROFESIONAL: Según lo previsto en el artículo 143 del RD-ley 3/2020, de 4 de febrero: (Marque con una "X")
C74: Se ha acreditado que todas las entidades aseguradoras con las cuales mantiene contrato de agencia de seguros
C75: asumen la responsabilidad civil profesional derivada de su actuación como agencia de seguros vinculada.
C77: Para agentes inscritos antes de la entrada en vigor del Real Decreto -ley 3/2020, que tiene contratada póliza de seguro de responsabilidad
C78: civil profesional, u otra garantía financiera, con cobertura en todo el territorio del Esapacio Económico Europeo con la entidad
F79: con una garantía de | K79: €
C80: y con efecto desde
C81: hasta | F81: adjuntando copia del correspondiente recibo de prima o, en su
C82: caso, justificante de vigencia (2).
A85: ■ FONDOS DE CLIENTES
C87: No recibe fondos de clientes: Contractualmente, se ha pactado de forma expresa con las entidades aseguradoras, que todos los importes abonados por la clientela
C88: se realizarán directamente a través de domiciliación bancaria en cuentas abiertas a nombre de las entidades aseguradoras, y que todas las cantidades abonadas en concepto
C89: de indemnizaciones se entregarán directamente apor las entidades aseguradoras a los tomadores de seguros, asegurados o beneficiarios.
C90: Recibe fondos de clientes y dispone de cuentas compeltamente separadas de acuerdo con lo dispuesto en el artículo 136.4 del RD-ley 3/2020
C92: Indentificación cuenta corriente clientes (IBAN):
A95: ■ VINCULACIÓN CON ENTIDADES ASEGURADORAS:
B98: Que mantiene suscritos contratos de agencia de seguros con las siguientes entidades aseguradoras:
B100: Clave Entidad Aseguradora | D100: Denominación Entidad Aseguradora | I100: Fecha de inscripción del contrato (dd/mm/aaaa)
A129: ■ DATOS DE ATENCIÓN AL CLIENTE:
C132: Nº reclamaciones presentadas durante el año
C133: Nº reclamaciones resueltas durante el año
B136: (1) Grupo que ejerce el control sobre la entidad: la unidad institucional que ejerce el control último de una filial
B138: Los recibos de los seguros de RC (2), o acreditación de cumplir la capacidad financiera, si aplica, deben cubrir el periodo comprendido desde el 1 de enero de 2025 hasta la fecha actual.
B141: El responsable del tratamiento de sus datos personales es: DIRECCCIÓN GRAL. DE POLÍTICA ECONÓMICA La finalidad de este tratamiento es: Cumplimiento de los requisitos y obligaciones para el ejercicio de la actividad de mediación de seguros en la Comunidad Autónoma de Aragón en cumplimiento de las disposiciones del Real Decreto-ley 3/2020, de 4 de febrero, de medidas urgentes por el que se incorporan al ordenamiento jurídico español diversas directivas de la Unión Europea en el ámbito de la contratación pública en determinados sectores; de seguros privados; de planes y fondos de pensiones; del ámbito tributario y de litigios fiscales. La legitimación para realizar el tratamiento de sus datos nos la da: obligación legal para el responsable. No vamos a comunicar sus datos personales a terceros destinatarios salvo obligación legal. Se pueden ejercitar los derechos de acceso, rectificación, supresión ,portabilidad de los datos , y los de limitación y oposición a los tratamientos , así como a no ser objeto de decisiones individuales automatizadas , a través de la sede electrónica de la Administración de la Comunidad Autónoma de Aragón con los formularios normalizados disponibles. Puede obtener información adicional en el Registro de Actividades de Tratamiento del Gobierno de Aragón, en el siguiente enlace https://aplicaciones.aragon.es/notif_lopd_pub/details.action?fileId=523

Sheet Modelo 1
A6: MODELO 1
A7: ESTRUCTURA DE LA ORGANIZACIÓN
A9: ='Modelo AV 0.2'!A9:C9 -> Ejercicio: 2025 | E9: Clave de inscripción | H9: ='Modelo AV 0.2'!F9 -> 0
A10: Nombre/Denominación social: | D10: ='Modelo AV 0.2'!D12 -> 0
A12: MEDIOS PERSONALES | D12: Organo de Administración | F12: Órgano de dirección | H12: Responsable actividad distribución | J12: Empleados | K12: Colaboradores externos | L12: Red de distribución | N12: TOTAL
A14: Afectos a la actividad de distribución | N14: =D14+F14+H14+J14+K14+L14 -> 0
A15: NO afectos a la actividad de distribución | N15: =D15+F15+H15+J15+K15+L15 -> 0
N16: =N14+N15 -> 0
A18: MEDIOS PERSONALES AFECTOS A LA ACTIVIDAD DE MEDIACIÓN | C18: Nº total de personas | G18: Formación continua
C19: Formación previa | F19: Total | G19: Nivel de formación | K19: Horas | L19: Medios | N19: Gasto (€)
C20: Grupo A) | D20: Grupo B) | E20: Grupo C) | G20: 1 | H20: 2 | I20: 3 | J20: 4 | L20: 1 | M20: 2
A21: Órgano de dirección | F21: =SUM(C21:E21) -> 0
A22: Empleados | F22: =SUM(C22:E22) -> 0
A23: Colaboradores externos | F23: =SUM(C23:E23) -> 0
A24: Otro personal | F24: =SUM(C24:E24) -> 0
A25: TOTAL | C25: =SUM(C21:C24) -> 0 | D25: =SUM(D21:D24) -> 0 | E25: =SUM(E21:E24) -> 0 | F25: =SUM(F21:F24) -> 0 | J25: TOTAL | K25: =SUM(K21:K24) -> 0 | L25: TOTAL | N25: =SUM(N21:N24) -> 0
A27: Datos de la sede profesional o social
A28: Régimen de utilización* | C28: MEDIOS PERSONALES (número) | L28: Primas devengadas intermediadas (€)
C29: Afectos a la actividad de mediación | F29: NO afectos a la actividad de mediación
A34: OFICINAS | C34: Datos de las sucursales
C35: Domicilio | E35: Provincia | F35: Medios personales (número) | L35: Primas devengadas intermediadas (€)
F36: Afectos a la actividad de mediación | I36: NO afectos a la actividad de mediación
A40: TOTAL | F40: =SUM(F37:H39) -> 0 | I40: =SUM(I37:K39) -> 0 | L40: =SUM(L37:M39) -> 0
A42: Medios personales:
A43: · Órgano de Administración: número de personas que integran el Órgano de Administración
A44: · Órgano de dirección: Número de personas que integran el órgano de dirección responsable de la mediación, y las que ejercen
A45: la dirección técnica o puesto asimilado.
A46: · Responsable de la Actividad de Distribución:persona que ejercer la actividad de dirección de la actividad de distribución
A47: · Empleados: Número de persona empleadas con contrato laboral.
A48: · Colaboradores externos: Número de colaboradores externos que integran la red de distribución externa del agente de seguros vinculado.
A49: · Red de Distribución: número de personas que integran las redes o canales de distribución (oficinas, via internet, telefóica)
A50: · Otro personal: Número de personas que prestan funciones sin contrato laboral o mercantil (familiares, socios, administradores)
A51: · Formación continua:
A52: · Nivel: Se marcará con una X la columna que corresponda en función de que la formación recibida por cada colectivo haya sido
A53: elemental, de reciclaje o sobre productos.
... A67: anulaciones, en cada una de las oficinas.
A70: 2

Sheet Modelo 2.1
A6: MODELO 2.1
A7: CARTERA DE SEGUROS INTERMEDIADA. DISTRIBUCIÓN
A9: ='Modelo AV 0.2'!A9:C9 -> Ejercicio: 2025 | C9: Clave de inscripción | F9: ='Modelo AV 0.2'!F9 -> 0
A10: Nombre /Denominación social: | D10: ='Modelo AV 0.2'!D12 -> 0
A13: Volumen total de negocio:
A14: Primas devengadas intermediadas | C14: % Vida | D14: % No vida | E14: Red propia | F14: Colaboradores Externos | H14: Primas cobradas (1)
H15: Cobertura inmediata | I15: Sin cobertura inmediata
A17: ='Modelo 2.2'!C42+'Modelo 2.3'!D22 -> 0 | C17: =('Modelo 2.3'!D22/('Modelo 2.3'!D22+'Modelo 2.2'!C42))*100 -> #DIV/0! | D17: =('Modelo 2.2'!C42/('Modelo 2.2'!C42+'Modelo 2.3'!D22))*100 -> #DIV/0! | E17: =A17-(F17+G17) -> 0
A20: Nueva Producción:
A21: Primas devengadas intermediadas | C21: % Vida | D21: % No vida | E21: Red propia | F21: Colaboradores Externos | H21: Primas cobradas
H22: Cobertura inmediata | I22: Sin cobertura inmediata
A24: ='Modelo 2.2'!G42+'Modelo 2.3'!D34 -> 0 | C24: =('Modelo 2.3'!D34/('Modelo 2.3'!D34+'Modelo 2.2'!G42))*100 -> #DIV/0! | D24: =('Modelo 2.2'!G42/('Modelo 2.2'!G42+'Modelo 2.3'!D34)*100) -> #DIV/0! | E24: =A24-(F24+G24) -> 0
A27: ¿Intermedian Productos de inversión basados en seguros? (IBIP's): (marcar con una "X" lo que corresponda)
A29: SI | B29: NO
A30: ¿Comercializa fondos o planes de pensiones? (marcar con una "X" lo que corresponda)
A31: SI: | C31: Entidad para la que comercializa: | H31: Honorarios:
A32: NO:
A39: Volumen total de negocio por entidad aseguradora:
A40: Clave Entidad Aseguradora | C40: Denominación Entidad Aseguradora | F40: Primas devengadas intermediadas
F41: Volumen total de Negocio | H41: Nueva Producción
E72: TOTAL | F72: =SUM(F42:G71) -> 0 | H72: =SUM(H42:I71) -> 0
E73: CELDAS DE CONTROL | F73: =+IF(F72=A17,,"EL IMPORTE DEBE COINCIDIR CON LAS PRIMAS INTERMEDIADAS CONSIGNADAS EN LA CELDA B17, PROCEDENTE DE LA AGREGACIÓN DE LOS MODELOS 2.2 Y 2.3") -> 0 | H73: =+IF(H72=B24,,"EL IMPORTE DEBE COINCIDIR CON LAS PRIMAS INTERMEDIADAS CONSIGNADAS EN LA CELDA B24, PROCEDENTE DE LA AGREGACIÓN DE LOS MODELOS 2.2 Y 2.3") -> 0
A74: Volumen total de negocio: Importe total de las primas intermediadas.
A75: Nueva producción: Parte de las primas devengadas intermediadas corrrespondientes a contratos perfeccionados en el ejercicio
A76: (de 1 de enero a 31 de diciembre).
A77: Primas devengadas intermediadas: Se entiende por primas devengadas intermediadas en el ejercicio, las correspondientes a contratos perfeccionados o prorrogados en el ejercicio, en relación con las cuales el derecho del asegurador al cobro de las mismas surgen durante el mencionado periodo, netas de anulaciones y que han sido mediadas por la agencia de seguros vinculada.
A78: % Vida, % No vida: Indicar la distribución porcentual de las primas intermediadas según correspondan a ramos de vida o de No Vida.
A79: Red propia: Importe de las primas allegadas a través de los medios que configuran la estructura de la organización propia de la agencia de seguros vinculada.
A80: Colaboradores Externos: Importe de las primas allegadas a través de los colaboradores externos de la agencia de seguros vinculada.
A81: Primas cobradas: Parte de las primas devengadas intermediadas que han sido cobradas por la agencia de seguros vinculada.
A82: > 3
A83: (1) SI el agente de seguros vinculado no cobra primas porque se ha pactado de forma expresa que los importes abonados por el cliente se abonan directamente a través de domiciliación bancaria, no deberán rellenar la columna de Primas Cobradas.

Sheet Modelo 2.2
A6: MODELO 2.2
A7: CARTERA DE SEGUROS INTERMEDIADA. RAMOS NO VIDA
A9: ='Modelo AV 0.2'!A9:C9 -> Ejercicio: 2025 | C9: Clave de inscripción | E9: ='Modelo AV 0.2'!F9 -> 0
A10: Nombre / Denominación social: | D10: ='Modelo AV 0.2'!D12 -> 0
A12: RAMOS NO VIDA | C12: VOLUMEN TOTAL DE NEGOCIO | G12: NUEVA PRODUCCIÓN
C13: Primas intermediadas | D13: % Primas | E13: Comisiones devengadas | F13: Honorarios Profesionales | G13: Primas intermediadas | H13: % Primas | I13: Comisiones devengadas | J13: Honorarios profesionales
A14: Accidentes | D14: =C14*100/C42 -> #DIV/0! | H14: =G14*100/G42 -> #DIV/0!
A15: Enfermedad | D15: =C15*100/C42 -> #DIV/0! | H15: =G15*100/G42 -> #DIV/0!
A16: Asistencia sanitaria | D16: =C16*100/C42 -> #DIV/0! | H16: =G16*100/G42 -> #DIV/0!
A17: Dependencia (5) | D17: =C17*100/C42 -> #DIV/0! | H17: =G17*100/G42 -> #DIV/0!
A18: Autos (1) | D18: =C18*100/C42 -> #DIV/0! | H18: =G18*100/G42 -> #DIV/0!
A19: Transportes (2) | D19: =C19*100/C42 -> #DIV/0! | H19: =G19*100/G42 -> #DIV/0!
A20: Incendios y elementos naturales (3) | D20: =C20*100/C42 -> #DIV/0! | H20: =G20*100/G42 -> #DIV/0!
A21: Otros daños a los bienes | B21: Seguros agrarios combinados | D21: =C21*100/C42 -> #DIV/0! | H21: =G21*100/G42 -> #DIV/0!
B22: Robo u otros | D22: =C22*100/C42 -> #DIV/0! | H22: =G22*100/G42 -> #DIV/0!
B23: Avería de maquinaria | D23: =C23*100/C42 -> #DIV/0! | H23: =G23*100/G42 -> #DIV/0!
A24: R.C. en general | B24: General | D24: =C24*100/C42 -> #DIV/0! | H24: =G24*100/G42 -> #DIV/0!
B25: Profesional | D25: =C25*100/C42 -> #DIV/0! | H25: =G25*100/G42 -> #DIV/0!
B26: Riesgos nucleares | D26: =C26*100/C42 -> #DIV/0! | H26: =G26*100/G42 -> #DIV/0!
B27: Seguros medioambientales | D27: =C27*100/C42 -> #DIV/0! | H27: =G27*100/G42 -> #DIV/0!
B28: Seguro D&O | D28: =C28*100/C42 -> #DIV/0! | H28: =G28*100/G42 -> #DIV/0!
B29: Otros riesgos | D29: =C29*100/C42 -> #DIV/0! | H29: =G29*100/G42 -> #DIV/0!
A30: Crédito | D30: =C30*100/C42 -> #DIV/0! | H30: =G30*100/G42 -> #DIV/0!
A31: Caución | D31: =C31*100/C42 -> #DIV/0! | H31: =G31*100/G42 -> #DIV/0!
A32: Ciberriesgos (6) | D32: =C32*100/C42 -> #DIV/0! | H32: =G32*100/G42 -> #DIV/0!
A33: Pérdidas diversas (7) | D33: =C33*100/C42 -> #DIV/0! | H33: =G33*100/G42 -> #DIV/0!
A34: Defensa jurídica (4) | D34: =C34*100/C42 -> #DIV/0! | H34: =G34*100/G42 -> #DIV/0!
A35: Asistencia | D35: =C35*100/C42 -> #DIV/0! | H35: =G35*100/G42 -> #DIV/0!
A36: Decesos | D36: =C36*100/C42 -> #DIV/0! | H36: =G36*100/G42 -> #DIV/0!
A37: Multirriesgo hogar | D37: =C37*100/C42 -> #DIV/0! | H37: =G37*100/G42 -> #DIV/0!
A38: Multirriesgo comunidades | D38: =C38*100/C42 -> #DIV/0! | H38: =G38*100/G42 -> #DIV/0!
A39: Multirriesgo comercios | D39: =C39*100/C42 -> #DIV/0! | H39: =G39*100/G42 -> #DIV/0!
A40: Multirriesgo industriales | D40: =C40*100/C42 -> #DIV/0! | H40: =G40*100/G42 -> #DIV/0!
A41: Otros multirriesgos | D41: =C41*100/C42 -> #DIV/0! | H41: =G41*100/G42 -> #DIV/0!
A42: TOTAL NO VIDA | C42: =SUM(C14:C41) -> 0 | D42: =SUM(D14:D41) -> #DIV/0! | E42: =SUM(E14:E41) -> 0 | F42: =SUM(F14:F41) -> 0 | G42: =SUM(G14:G41) -> 0 | H42: =SUM(H14:H41) -> #DIV/0! | I42: =SUM(I14:I41) -> 0 | J42: =SUM(J14:J41) -> 0
A44: 1) Autos: Incluye los ramos 01, 03, 10 y 17 (este último solo si va unido a la póliza de autos).
A45: 2) Transportes: Incluye los ramos 04, 05, 06, 07, 11 y 12.
A46: 3) Incluye todo riesgo daño material.
A47: 4) Solamente las no incorporadas en autos.
A48: 5) Sólo cuando se asocien al ramo 02.
A49: 6) Solamente los contratados de manera independiente a otras coberturas.
A50: 7) Se incluirán aquí los seguros de impago de alquiler

Sheet Modelo 2.3
A6: MODELO 2.3
A7: CARTERA DE SEGUROS INTERMEDIADA. RAMOS VIDA
A9: ='Modelo AV 0.2'!A9:C9 -> Ejercicio: 2025 | D9: Clave de inscripción | F9: ='Modelo AV 0.2'!F9 -> 0
A10: Nombre / Denominación social: | E10: ='Modelo AV 0.2'!D12 -> 0
D13: VOLUMEN TOTAL DE NEGOCIO
D14: Primas intermediadas (€) | E14: % Primas | F14: Comisiones devengadas
A16: INDIVIDUAL | B16: Vida riesgo | E16: =D16*100/D22 -> #DIV/0!
B17: Vida ahorro | C17: No IBIPS | E17: =D17*100/D22 -> #DIV/0!
C18: IBIPS | E18: =D18*100/D22 -> #DIV/0!
A19: COLECTIVO | B19: Vida riesgo | E19: =D19*100/D22 -> #DIV/0!
B20: Vida ahorro | C20: No IBIPS | E20: =D20*100/D22 -> #DIV/0!
C21: IBIPS | E21: =D21*100/D22 -> #DIV/0!
A22: TOTAL | D22: =SUM(D16:D21) -> 0 | E22: =SUM(E16:E21) -> #DIV/0! | F22: =SUM(F16:G21) -> 0
D25: NUEVA PRODUCCION
D26: Primas intermediadas (€) | E26: % Primas | F26: Comisiones devengadas
A28: INDIVIDUAL | B28: Vida riesgo | E28: =D28*100/D34 -> #DIV/0!
B29: Vida ahorro | C29: No IBIPS | E29: =D29*100/D34 -> #DIV/0!
C30: IBIPS | E30: =D30*100/D34 -> #DIV/0!
A31: COLECTIVO | B31: Vida riesgo | E31: =D31*100/D34 -> #DIV/0!
B32: Vida ahorro | C32: No IBIPS | E32: =D32*100/D34 -> #DIV/0!
C33: IBIPS | E33: =D33*100/D34 -> #DIV/0!
A34: TOTAL | D34: =SUM(D28:D33) -> 0 | E34: =SUM(E28:E33) -> #DIV/0! | F34: =SUM(F28:G33) -> 0
A38: IBIPS: productos de inversión basados en seguros. Productos de seguro que ofrece un valor de vencimiento o de rescate
A39: expuesto total o parcialmente, y directa o indirectamente, a las fluctuaciones del mercado.

Sheet Modelo 3
A6: MODELO 3
A7: DATOS CONTABLES
A9: ='Modelo AV 0.2'!A9:C9 -> Ejercicio: 2025 | D9: Clave de inscripción: | E9: ='Modelo AV 0.2'!F9 -> 0
A10: Nombre/ Denominación social: | C10: ='Modelo AV 0.2'!D12 -> 0
A12: Inversión/ Valor Añadido
A14: CONCEPTOS | F14: €
A15: Valor añadido al coste de los factores (1) | F15: ='Calculadora Valor Añadido'!C11 -> 0
A16: Inversión bruta en bienes materiales (2)
A19: 1. Ingresos de la Actividad de Distribución de Seguros
A21: CONCEPTOS | F21: €
A22: Comisiones percibidas de las entidades aseguradoras
A23: Ingresos financieros
A24: Otros ingresos
A25: Total Euros | F25: =SUM(F22:G24) -> 0
A28: 2. Gastos de la Actividad de Distribución de Seguros
A30: CONCEPTOS | F30: €
A31: Costes de personal en metálico o en especie
A32: Comisiones abonadas a auxiliares externos/redes de distribución
A33: Formación continua
A34: Gastos financieros
A35: Otros gastos
A36: Total euros | F36: =SUM(F31:G35) -> 0
A38: INGRESOS - GASTOS (Actividad de Mediación de Seguros) | F38: =F25-F36 -> 0
A41: 3. Cuenta de Pérdidas y Ganancias: TOTAL
A43: Total Ingresos (€)
A44: Total Gastos (€)
A45: INGRESOS-GASTOS (TOTAL €) | F45: =F43-F44 -> 0
A48: (1) Valor añadido al coste de los factores: La renta bruta de las actividades de explotación tras ajustar el efecto
A49: de las subvenciones de explotación y los impuestos indirectos.
A50: (2) Inversión bruta en bienes materiales: La inversión durante el período de referencia en bienes materiales, valorada
A51: antes de realizar los ajustes de valor y antes de deducir la renta obtendia con las cesiones.

Sheet Calculadora Valor Añadido
A2: Cálculo valor añadido al coste de los factores
A4: Código/s del PGC | B4: Concepto | C4: Importe
A5: 70 y/ó 75 | B5: (+) Comisiones
A6: 740 | B6: (+) Subvenciones oficiales a la explotación recibidas de las Administraciones públicas
A7: 752 / 759 | B7: (+) Otros ingresos
A8: 60 | B8: (-) Compras (bienes consumibles)
A9: 62 | B9: (-) Servicios exteriores (1)
A10: 631 | B10: (-) Otros tributos (2)
B11: TOTAL VALOR AÑADIDO AL COSTE DE LOS FACTORES | C11: =C5+C6+C7-C8-C9-C10 -> 0
A13: (1) Servicios exteriores (publicidad, colaboradores, asesoría fiscal, laboral, contable, primas de seguro, alquileres, suministro
A14: de agua, gas, electricidad, teléfono, transporte, servicios bancarios, mensajeria) por su importe total iva incluido.
A16: (2) Otros tributos (IBI, IAE, ITP, AJD, tasas y otros impuestos indirectos).
A18: No incluir amortizaciones, gastos de personal, gastos e ingresos financieros ni el impuesto sobre beneficios
